 Dungeon Crawl Stone Soup version 0.22.0-38-g04b72b8 (webtiles) character file.

55 Greyaxe the Skirmisher (level 3, 0/33 HPs)
             Began as a Draconian Fighter on Aug 28, 2018.
             Succumbed to an adder's poison
             ... on level 2 of the Dungeon.
             The game lasted 00:02:48 (1244 turns).

Greyaxe the Skirmisher (Draconian Fighter)          Turns: 1244, Time: 00:02:49

Health: 0/33       AC:  5    Str: 19    XL:     3   Next: 67%
Magic:  3/3        EV: 10    Int:  8    God:
Gold:   122        SH:  9    Dex: 10    Spells: 2/2 levels left

rFire    . . .     SeeInvis .   a - +0 war axe
rCold    . . .     Gourm    .   b - +0 shield
rNeg     . . .     Faith    .   (armour unavailable)
rPois    .         Spirit   .   (helmet restricted)
rElec    .         Reflect  .   (no cloak)
rCorr    .         Harm     .   (no gloves)
MR       .....                  (no boots)
Stlth    +.........             (no amulet)
HPRegen  0.11/turn              (no ring)
MPRegen  0.08/turn              (no ring)

@: lethally poisoned (0 -> -2)
A: unfitting armour, cold-blooded, AC +5
a: no special abilities


You were on level 2 of the Dungeon.
You were very hungry.

You visited 1 branch of the dungeon, and saw 2 of its levels.

You collected 122 gold pieces.

Inventory:

Hand Weapons
 a - a +0 war axe (weapon)
Armour
 b - a +0 shield (worn)
Scrolls
 e - 2 scrolls of teleportation {unknown}
 g - 3 scrolls of amnesia {unknown}
 i - 2 scrolls of identify {unknown}
Potions
 c - a potion of might
 f - 2 potions of flight {unknown}
 h - 2 potions of invisibility {unknown}
Comestibles
 d - 6 rations


   Skills:
 + Level 3.9 Fighting
 + Level 2.8 Axes
 + Level 3.0 Dodging
 + Level 0.2 Stealth
 + Level 3.4 Shields


You had 2 spell levels left.
You didn't know any spells.
Your spell library was empty.

Dungeon Overview and Level Annotations

Branches:
Dungeon (2/15)

Altars:

Annotations:
D:2 Robin


Innate Abilities, Weirdness & Mutations

Your plain brown scales are hard. (AC +5)
You cannot fit into any form of body armour.
You are cold-blooded and may be slowed by cold attacks.


Message History

Robin hits you from afar with a spear. The adder completely misses you.
The goblin shoots a stone.
The stone hits you but does no damage.
You closely miss the adder. The bat hits you but does no damage.
The adder bites you. You block Robin's attack. The bat barely misses you.
The adder bites you.
You are poisoned.
The adder poisons you! Robin hits you from afar with a spear.
* * * LOW HITPOINT WARNING * * *
You closely miss the adder. You barely miss the bat.
You feel sick. The bat hits you but does no damage.
You block the adder's attack. Robin closely misses you. The adder bites you.
* * * LOW HITPOINT WARNING * * *
You hit the adder but do no damage.
Robin laughs in a distinctly smug fashion.
You block Robin's attack. You block the adder's attack.
The bat hits you but does no damage. Robin hits you from afar with a spear.
* * * LOW HITPOINT WARNING * * *
The adder closely misses you.
You miss the adder. You miss the bat.
You die...

#? . # ##. .#
######### #.. ##.##
........#######.#
g..g #######.##..
...# ... #.##.#
#†###.# #)##.#
#.@Sgw#
#.##.######b#.##..#
#......#...g.......
#..###.#.##.#.....#
#..# #.#.##.#.##.##
##.###.#.##.#.# #
#............#
###.###.##.......
#.............#


You could see Robin, an adder, a dart slug, a goblin and a bat.

Vanquished Creatures
  A gnoll (D:1)
  An adder (D:2)
  A worm (D:1)
  2 dart slugs (D:1)
  A leopard gecko (D:1)
  7 goblins
  3 hobgoblins
  3 kobolds (D:1)
  A quokka (D:2)
  A ball python (D:1)
  4 bats
  A frilled lizard (D:2)
  4 rats
30 creatures vanquished.

Notes
Turn   | Place    | Note
-------+----------+-------------------------------------------
     0 | D:1      | Greyaxe the Draconian Fighter began the quest for the Orb.
     0 | D:1      | Reached XP level 1. HP: 19/19 MP: 1/1
   267 | D:1      | Reached XP level 2. HP: 26/26 MP: 2/2
   879 | D:1      | Reached XP level 3. HP: 24/33 MP: 3/3
  1235 | D:2      | Noticed Robin
  1243 | D:2      | HP: 1/33 [Robin/spear (4)]
  1244 | D:2      | Succumbed to an adder's poison

Skill      XL: |  1  2  3 |
---------------+----------+-----
Dodging        | 3 |  3.0
Fighting       | |  3.9
Axes           | |  2.8
Stealth        | |  0.2
Shields        | |  3.4

Action                   || total
-------------------------++-------
Melee: War axe           ||    95
       Tailslap          ||     2
Armor: Skin              ||    45
Dodge: Dodged            ||    56
Block: Shield            ||    57
